 Dungeon Crawl Stone Soup version 0.28.0-53-g5a82cb258f (console) character file.

Game seed: 16485589664932812168

7189 grimtooth the Ducker (level 11, -2/61 HPs)
             Began as an Octopode Hedge Wizard on June 23, 2022.
             Was an Initiate of Ashenzari.
             Slain by a wolf (8 damage)
             ... on level 2 of the Lair of Beasts on June 24, 2022.
             The game lasted 01:21:18 (11857 turns).

grimtooth the Ducker (Octopode Hedge Wizard)       Turns: 11857, Time: 01:21:19

Health: -2/61      AC:  1    Str: 10    XL:     11   Next: 11%
Magic:  2/20       EV: 16    Int: 22    God:    Ashenzari [......]
Gold:   564        SH:  0    Dex: 15    Spells: 10/22 levels left

rFire   . . .      SeeInvis .   a - +2 dagger (elec)
rCold   . . .      Faith    .   (no shield)
rNeg    . . .      Spirit   .   b - +0 hat
rPois   +          Reflect  .   g - amulet of regeneration
rElec   +          Harm     .   I - ring of the Welkin {rElec rPois Int+3 Dex+2, Evo, Cun} (curse)
rCorr   .          Rampage  .   l - ring of willpower
Will    +....                   (no ring)
Stlth   ++++......              (no ring)
HPRegen 1.00/turn               (no ring)
MPRegen 0.17/turn               (no ring)
                                (no ring)
                                (no ring)

@: about to teleport
A: almost no armour, amphibious, 8 rings, camouflage 1, gelatinous body 1,
(nimble swimmer 1), tentacles
a: Renounce Religion, Curse Item, Shatter the Chains


You were on level 2 of the Lair of Beasts.
You worshipped Ashenzari.
Ashenzari was noncommittal.
You visited 3 branches of the dungeon, and saw 13 of its levels.

You collected 564 gold pieces.

Inventory:

Hand Weapons
 a - a +2 dagger of electrocution (weapon)
 G - a +1 dagger of venom
 M - the +3 short sword of the Fulmar {protect, Drain rCorr Int+6}
   (You took it off a kobold on level 7 of the Dungeon)

   It grants its wielder temporary protection when it strikes (+7 to AC).
   Int:       It affects your intelligence (+6).
   rCorr:     It protects you from acid and corrosion.
   Drain:     It drains your maximum health when unequipped.
 N - the +4 short sword of Midwinter {vorpal, *Noise rPois Str+4}
   (You found it on level 7 of the Dungeon)

   It inflicts extra damage upon your enemies.
   Str:       It affects your strength (+4).
   rPois:     It protects you from poison.
   *Noise:    It may make noises in combat.
 U - a +2 vorpal long sword
Missiles
 d - a curare-tipped dart
 f - 24 poisoned darts (quivered)
 h - a throwing net
 i - 220 stones
 n - 14 sling bullets
Armour
 b - a +0 hat (worn)
 L - a +2 buckler of positive energy
Jewellery
 g - an amulet of regeneration (around mantle)
 l - a ring of willpower (right tentacle)
 m - a ring of fire
 B - an amulet of magic regeneration
 I - the cursed ring of the Welkin (left tentacle) {rElec rPois Int+3 Dex+2, Evo, Cun}
   (You found it on level 5 of the Dungeon)

   [ring of poison resistance]

   Int:       It affects your intelligence (+3).
   Dex:       It affects your dexterity (+2).
   rElec:     It insulates you from electricity.
   rPois:     It protects you from poison.
   It has a curse which improves the following skills: Evocations: Evocations.
   Cunning:   Dodging and Stealth.
Wands
 k - a wand of flame (9)
 y - a wand of digging (4)
 K - a wand of mindburst (10)
 O - a wand of charming (12)
 T - a wand of iceblast (3)
Scrolls
 e - 2 scrolls of enchant weapon {unknown}
 o - 2 scrolls of amnesia
 q - 5 scrolls of teleportation
 s - 3 scrolls of fear {unknown}
 u - 2 scrolls of holy word {unknown}
 v - a scroll of vulnerability {unknown}
 C - 4 scrolls of blinking {unknown}
 E - 2 scrolls of magic mapping {unknown}
 F - 6 scrolls of immolation {unknown}
 H - 2 scrolls of fog {unknown}
 J - a scroll of silence {unknown}
 P - a scroll of noise {unknown}
Potions
 c - 3 potions of curing
 j - 2 potions of attraction
 x - a potion of berserk rage
 z - 2 potions of magic {unknown}
 D - 2 potions of mutation {unknown}
 Q - a potion of brilliance {unknown}
 R - a potion of resistance {unknown}
 S - a potion of haste {unknown}


   Skills:
 - Level 6.0 Short Blades
 * Level 6.9(7.4) Dodging
 - Level 6.0(6.4) Stealth
 - Level 6.0 Spellcasting
 - Level 6.0 Conjurations
 - Level 6.5 Hexes
 * Level 4.8 Summonings
 - Level 6.0 Translocations
 + Level 4.3 Poison Magic


You had 10 spell levels left.
You knew the following spells:

 Your Spells              Type           Power      Damage    Failure   Level
a - Magic Dart            Conj           100%       1d8       1%          1
b - Slow                  Hex            100%       N/A       1%          1
c - Call Imp              Summ           27%        N/A       1%          2
d - Mephitic Cloud        Conj/Pois/Air  21%        N/A       7%          3
f - Conjure Flame         Conj/Fire      19%        6-21      8%          3
k - Blink                 Tloc           66%        N/A       1%          2

Your spell library contained the following spells:

 Spells                   Type           Power      Damage    Failure   Level
 Confusing Touch          Hex            35%        N/A       1%          3
 Gell's Gravitas          Tloc           33%        N/A       2%          3
 Teleport Other           Tloc           33%        N/A       2%          3
 Animate Skeleton         Necr           12%        N/A       9%          1
 Pain                     Necr           24%        1d5       9%          1
 Corpse Rot               Necr/Air       12%        N/A       14%         2
 Vampiric Draining        Necr           6%         2d6       26%         3
 Dispel Undead            Necr           6%         3d8       65%         4
 Dispersal                Tloc           16%        N/A       75%         6
 Death Channel            Necr           3%         N/A       100%        6


Dungeon Overview and Level Annotations

Branches:
Dungeon (10/15)            Temple (1/1) D:4            Lair (2/6) D:8
    Orc (0/2) D:10
  Swamp: Lair:2-4    Shoals: Lair:2-4     Snake: Lair:2-4    Spider: Lair:2-4

Altars:
Ashenzari
Cheibriados
Dithmenos
Elyvilon
Fedhas
Gozag
Hepliaklqana
Kikubaaqudgha
Makhleb
Nemelex Xobeh
Okawaru
Qazlal
Sif Muna
Trog
Uskayaw
Vehumet
Wu Jian
Xom
Yredelemnul
Zin
The Shining One

Shops:
D:5 *=   D:7 (   D:9 *[

Annotations:
D:1 flypport
D:6 dig
D:9 dig
D:10 3 runed translucent doors, buhh's ghost, journeyman OpTm


Innate Abilities, Weirdness & Mutations

You cannot wear most types of armour.
You are amphibious.
You can wear up to eight rings at the same time.
Your skin changes colour to match your surroundings (Stealth+).
Your rubbery body absorbs attacks. (AC +1, EV +1)
((You are camouflaged when in or above water. (Stealth+)))
You have tentacles for arms and can constrict up to eight enemies at once.


Message History

Press: ? - help, Shift-Dir - straight line The ball explodes into a vile cloud!
The stinking cloud engulfs the wolf but does no damage.
The stinking cloud engulfs the komodo dragon but does no damage.
The stinking cloud engulfs the bullfrog but does no damage.
You hear a loud, deep croak! x2
The bullfrog is engulfed in noxious fumes.
The komodo dragon is engulfed in noxious fumes.
The wolf is engulfed in noxious fumes.
The wolf bites you.
* * * LOW HITPOINT WARNING * * *
The bullfrog is engulfed in noxious fumes.
The bullfrog appears confused.
You feel stable enough to blink again.
The wolf is engulfed in noxious fumes.
The komodo dragon is engulfed in noxious fumes.
The komodo dragon appears confused.
The bullfrog is engulfed in noxious fumes.
The bullfrog appears confused.
The bullfrog misses the wolf.
The wolf misses you.
The bullfrog is engulfed in noxious fumes.
The bullfrog appears confused.
The bullfrog hits the komodo dragon but does no damage.
Okay, then.
Press: ? - help, v - describe, . - travel
Here: a wolf The floor.
The bullfrog is engulfed in noxious fumes.
The komodo dragon is engulfed in noxious fumes.
The komodo dragon appears confused.
A blink frog comes into view.
The bullfrog is engulfed in noxious fumes.
The bullfrog appears confused.
The wolf bites you but does no damage.
As you read the scroll labelled FOULEL PAOME, it crumbles to dust.
You feel strangely unstable.
It was a scroll of teleportation.
The wolf barely misses you.
The komodo dragon is engulfed in noxious fumes.
The komodo dragon appears confused.
The bullfrog is engulfed in noxious fumes.
The wolf bites you!
You die...

......#..............
......#....#.......#
.....##....##[....##
#...##.....#.........
.###.#.###...h...h.....!
........................
...........☼°...........
..........☼l.F..........
..........F☼............
..........☼.............
.......@h..............
....#.#.#.......#.#.###
..... #!P...........#
..# .........#P.... ..
................. .
#..##......## #..
....... ..# .....


You could see a komodo dragon (confused), 2 wolves and 2 bullfrogs.

Vanquished Creatures
  Urug (D:10)
  A komodo dragon (Lair:1)
  A rime drake (Lair:2)
  A hornet (D:9)
  A polar bear (Lair:2)
  Prince Ribbit (D:5)
  A shadow (D:9)
  Sigmund (D:2)
  A vampire (D:9)
  A wyvern (D:10)
  5 yaks (D:9)
  3 steam dragons
  4 vampire mosquitoes (D:10)
  Menkaure (D:4)
  A water moccasin (Lair:1)
  A hornet zombie (D:9)
  Duvessa (D:5)
  An orc warrior (D:10)
  A necrophage (D:5)
  A phantom (D:5)
  2 centaurs (D:9)
  3 kobold brigands
  7 bullfrogs
  Blork the orc (D:4)
  A wyvern zombie (D:7)
  3 scorpions
  2 wyvern skeletons
  A water moccasin skeleton (D:5)
  Dowan (D:5)
  4 wights
  A howler monkey (D:7)
  An electric eel (D:6)
  4 centaur zombies
  4 orc priests
  A bullfrog skeleton (D:5)
  2 centaur skeletons
  5 iguanas
  A gnoll shaman (D:7)
  Jessica (D:3)
  5 orc wizards
  Natasha (thrice) (D:2)
  Robin (D:2)
  3 gnolls (D:7)
  5 adders
  A shadow imp (D:7)
  A white imp (D:6)
  A worm (D:2)
  2 dart slugs
  35 orcs
  9 ball pythons
  6 bats
  4 endoplasms
  4 giant cockroaches
  19 goblins
  8 hobgoblins
  20 kobolds
  5 quokkas
  3 frilled lizards
  6 rats
215 creatures vanquished.

Vanquished Creatures (collateral kills)
  A yak (D:9)
1 creature vanquished.

Vanquished Creatures (others)
  An orc wizard (D:6)
  4 fungi (D:3)
  7 plants
12 creatures vanquished.

Grand Total: 228 creatures vanquished

Notes
Turn   | Place    | Note
-------+----------+-------------------------------------------
     0 | D:1      | grimtooth the Octopode Hedge Wizard began the quest for the
                  | Orb.
     0 | D:1      | Reached XP level 1. HP: 11/11 MP: 4/4
   371 | D:1      | Reached XP level 2. HP: 17/17 MP: 3/6
   951 | D:1      | Reached XP level 3. HP: 21/21 MP: 3/7
  1366 | D:2      | Noticed Robin
  1946 | D:2      | Noticed Natasha
  2003 | D:2      | Killed Natasha
  2004 | D:2      | Reached XP level 4. HP: 24/27 MP: 4/8
  2300 | D:3      | Learned a level 1 spell: Slow
  2303 | D:3      | Learned a level 2 spell: Blink
  2307 | D:3      | Learned a level 3 spell: Conjure Flame
  2365 | D:3      | Noticed Jessica
  2372 | D:3      | Killed Jessica
  2373 | D:3      | Reached XP level 5. HP: 25/31 MP: 4/9
  2539 | D:3      | Found a faded altar of an unknown god.
  2702 | D:3      | Reached skill level 5 in Stealth
  3252 | D:4      | Noticed Blork the orc
  3256 | D:4      | Killed Blork the orc
  3257 | D:4      | Reached XP level 6. HP: 14/36 MP: 10/10
  3371 | D:4      | Found a staircase to the Ecumenical Temple.
  3387 | D:4      | Reached skill level 5 in Conjurations
  3673 | Temple   | Entered the Ecumenical Temple
  3962 | D:4      | Noticed Menkaure
  4049 | D:2      | Noticed Natasha
  4066 | D:2      | Killed Natasha
  4076 | D:2      | Noticed Natasha
  4082 | D:2      | Killed Natasha
  4178 | D:2      | Noticed Sigmund
  4342 | D:4      | Reached XP level 7. HP: 36/38 MP: 2/11
  4749 | D:4      | Killed Menkaure
  4750 | D:4      | Reached skill level 1 in Hexes
  4913 | D:5      | Entered Level 5 of the Dungeon
  4992 | D:5      | Noticed Duvessa
  4992 | D:5      | Noticed Dowan
  5134 | D:2      | Killed Robin
  5492 | D:2      | Identified the +1 scale mail of the First Friars {rElec
                  | SInv}
  5684 | D:2      | Killed Sigmund
  5761 | D:3      | Reached XP level 8. HP: 46/46 MP: 0/14
  5873 | D:5      | Identified the ring of Checkmate {rElec rPois Int+3 Dex+2}
  5936 | D:5      | Found Kaungawk's Elemental Accessories.
  6499 | D:5      | Reached skill level 5 in Hexes
  6556 | D:5      | Found a shimmering blue altar of Sif Muna.
  6561 | D:5      | Found a snail-covered altar of Cheibriados.
  6564 | D:5      | Found a broken altar of Ashenzari.
  6572 | D:5      | Became a worshipper of Ashenzari the Shackled
  6613 | D:5      | Noticed Prince Ribbit
  6623 | D:5      | Killed Prince Ribbit
  6697 | D:5      | Found Hiycoibla's Jewellery Emporium.
  6748 | D:5      | Reached skill level 5 in Spellcasting
  6789 | D:5      | Killed Duvessa
  6792 | D:5      | Killed Dowan
  6913 | D:5      | Reached skill level 1 in Short Blades
  6913 | D:5      | Reached XP level 9. HP: 51/51 MP: 4/18
  7364 | D:6      | You fall into a shaft and drop 1 floor!
  7903 | D:7      | Identified the +3 short sword of the Fulmar {protect, Drain
                  | rCorr Int+6}
  8131 | D:6      | Reached skill level 5 in Short Blades
  8227 | D:6      | Found an opulent altar of Gozag.
  8647 | D:6      | Found a glowing silver altar of Zin.
  8853 | D:7      | Identified the +4 short sword of Midwinter {vorpal, *Noise
                  | rPois Str+4}
  9072 | D:7      | Found Filieqit's Weapon Shoppe.
  9219 | D:8      | Found a staircase to the Lair.
  9236 | D:8      | Noticed a gargoyle
  9481 | D:9      | Reached skill level 5 in Translocations
  9491 | D:9      | Reached XP level 10. HP: 21/56 MP: 11/19
  9863 | D:9      | Found Hoykhe's Assorted Antiques.
 10027 | D:9      | Found Ypsotapt's Antique Armour Emporium.
 10102 | D:9      | Learned a level 2 spell: Call Imp
 10106 | D:9      | Learned a level 3 spell: Mephitic Cloud
 10129 | D:9      | Paralysed by a hornet for 2 turns
 10325 | D:8      | Reached skill level 1 in Poison Magic
 10472 | D:10     | Entered Level 10 of the Dungeon
 10475 | D:10     | Reached skill level 5 in Dodging
 10538 | D:10     | Noticed Urug
 10566 | D:10     | Found a runed translucent gate.
 10566 | D:10     | Found a runed translucent gate.
 10567 | D:10     | Found a runed translucent gate.
 10671 | D:10     | Noticed buhh's ghost (journeyman OpTm)
 10850 | D:10     | Found a hazy altar of Hepliaklqana.
 10915 | D:10     | Found a staircase to the Orcish Mines.
 11036 | D:10     | Killed Urug
 11166 | D:10     | Noticed a spectral centaur warrior
 11331 | Lair:1   | Entered Level 1 of the Lair of Beasts
 11363 | Lair:1   | Reached XP level 11. HP: 35/61 MP: 9/20
 11739 | Lair:1   | Noticed a seven-headed hydra
 11776 | Lair:2   | Noticed a seven-headed hydra
 11849 | Lair:2   | - shit
 11849 | Lair:2   | HP: 3/61 [wolf (2)]
 11854 | Lair:2   | HP: 3/61 [wolf (5)]
 11857 | Lair:2   | Slain by a wolf

Illustrated notes

..............#..# ...
.............## .##.#
P###P##....h.###...+##P
######.....#........
...F.........P.......
......#..............
......#....#.......#
.....##....##h....##
#...##....l#☼h.......
#.#.###...Fh○.......!
..........@..........
..................
..................
..................
..................
.................
#.#.......#.#.#
#!P...........#


Turn 11849 on Lair:2: - shit

Levels and vault maps discovered:
D:1:      lemuel_arrival_lava_pool, layout_rooms, minivault_19
D:2:      layout_loops_cross, uniq_robin, uniq_natasha, uniq_sigmund
D:3:      layout_basic, shapermc_ecumenical_altar_acropolis, serial_aquarium,
          aquarium_bridge_straight [aquarium_subvault_bridge,
          aquarium_subvault_wall, aquarium_subvault_bridge,
          aquarium_subvault_window], aquarium_bridge_square
          [aquarium_subvault_bridge, aquarium_subvault_window,
          aquarium_subvault_wall, aquarium_subvault_bridge], aquarium_window_1,
          aquarium_window_fake, aquarium_view_2f, aquarium_view_2b, uniq_jessica
D:4:      layout_loops_ring, minmay_temple_entry_glass, uniq_blork_the_orc,
          uniq_menkaure
D:5:      layout_basic, minmay_overflow_temple_star_quad, serial_shops,
          nicolae_lakefront_shop, minmay_misc_feat_columns,
          nicolae_elemental_shop, minivault_27, grunt_ministairs_3,
          uniq_prince_ribbit1, uniq_duvessa
D:6:      layout_loops_cross, nicolae_gozag_seed_capital, zin_scriptorium,
          chequers_garden, fountainhead
D:7:      layout_cave_pools, serial_shops, nicolae_shop_bloodbath_and_beyond
D:8:      layout_cave_pools, amcnicky_altar_gilded, lair_entry_dummy,
          nicolae_shop_self_help
D:9:      layout_rooms, serial_shops, nicolae_shop_overgrown_old_shop, shop,
          nicolae_straight_to_the_point
D:10:     layout_rooms, kennysheep_little_box, david_orc_2,
          gammafunk_ghost_necromancy, uniq_urug
Temple:   regret_index_temple_generic_petals
Lair:1:   layout_hall_layers
Lair:2:   layout_regular_city, lemuel_fruit_fields

Skill      XL: |  1  2  3  4  5  6  7  8  9 10 11 |
---------------+----------------------------------+-----
Stealth        | 3 4 5 6 |  6.0
Conjurations   | 2 3 4 5 6 |  6.0
Hexes          | 3 6 |  6.5
Spellcasting   | 4 6 |  6.0
Short Blades   | 1 6 |  6.0
Translocations | 5 6 |  6.0
Dodging        | 6 |  6.9
Poison Magic   | 3 4 |  4.3
Summonings     | 4 |  4.8

Action                   |  1- 3 |  4- 6 |  7- 9 | 10-12 || total
-------------------------+-------+-------+-------+-------++-------
Melee: Dagger            |     9 |    40 |   183 |    99 ||   331
       Constrict         |     3 |     7 |    32 |    11 ||    53
       Tentacles         |     1 |     6 |    43 |    30 ||    80
       Punch             |       |     1 |     2 |     2 ||     5
 Cast: Magic Dart        |    99 |    75 |   220 |    67 ||   461
       Blink             |       |     2 |     4 |     3 ||     9
       Conjure Flame     |       |       |    23 |    12 ||    35
       Slow              |       |       |     7 |    21 ||    28
       Mephitic Cloud    |       |       |       |     9 ||     9
       Call Imp          |       |       |       |     3 ||     3
Invok: Curse Item        |       |       |     1 |       ||     1
Evoke: Wand              |       |       |     2 |     4 ||     6
  Use: Potion            |       |       |     3 |     1 ||     4
       Scroll            |       |       |     5 |     2 ||     7
 Stab: Sleeping          |       |     5 |     8 |     6 ||    19
       Confused          |       |       |       |     4 ||     4
Armor: Skin              |     1 |     5 |     5 |     4 ||    15
Dodge: Dodged            |     8 |    25 |   117 |    61 ||   211
